[Event "Early-Titled-Tuesday-Blitz-September-26-2023"]
[Site "Chess.com"]
[Date "2023.09.26"]
[Round "2"]
[White "Noki102"]
[Black "Chesstar"]
[Result "1-0"]
[WhiteElo "2414"]
[BlackElo "2070"]
[TimeControl "180+1"]
[EndTime "8:18:26 PDT"]
[Termination "Noki102 won by resignation"]

1. d4 Nf6 2. c4 e6 3. Nf3 Bb4+ 4. Bd2 a5 5. g3 O-O 6. Bg2 Nc6 7. O-O Bxd2 8.
Qxd2 d5 9. Rc1 Ne4 10. Qe1 Nd6 11. cxd5 exd5 12. Nc3 Nf5 13. Nb5 Be6 14. Qd2 Rc8 15.
Qf4 Qf6 16. e3 Qh6 17. Ng5 Nfe7 18. h4 Ng6 19. Qf3 Nxh4 20. gxh4 Qxh4 21. Nxe6 fxe6 22.
Qg3 Qe7 23. Rxc6 bxc6 24. Na7 Ra8 25. Nxc6 Qd6 26. Qxd6 cxd6 27. Bh3 Rfe8 28. a4 Ra6 29. Rc1 Kf7 30. Bf1 Rb6 31. Bb5 Ra8 32. b4 axb4 33.
Nxb4 Rxa4 34. Bxa4 Rxb4 35. Bd1 Rb2 36. Rc7+ Kf6 37.
Bf3 Rb1+ 38. Kg2 h6 39. Rc6 Ke7 40. Ra6 Rb2 41. Bg4 Rd2 42. Bh3 Rc2 43. Kg3 Rc1 44.
Ra7+ Kf6 45. Ra8 Rg1+ 46. Kh2 Rg6 47. Re8 Kf7 48. Rd8 Ke7 49. Rb8 Rf6 50. Kg3 g5 51. Rb7+ Kf8 52. Rd7 Ke8 53. Rxd6 Ke7 54. Rb6 h5 55.
Rb7+ Kd6 56. Rh7 h4+ 57. Kg2 Rg6 58. Bg4 e5 59. Rd7+ Kc6 60. dxe5 Rh6 61. e6 h3+ 62. Kh2 Rxe6 63. Bxe6 d4 1-0

[Event "Early-Titled-Tuesday-Blitz-September-26-2023"]
[Site "Chess.com"]
[Date "2023.09.26"]
[Round "2"]
[White "Daniel_Salinas"]
[Black "Gyulamiryan-koryun"]
[Result "1-0"]
[WhiteElo "2412"]
[BlackElo "1988"]
[TimeControl "180+1"]
[EndTime "8:18:26 PDT"]
[Termination "Daniel_Salinas won by checkmate"]

1. e4 e5 2. Nf3 Nc6 3. Bb5 a6 4. Ba4 Nf6 5. O-O Be7 6. d3 b5 7. Bb3 d6 8. Bd2 Bg4 9. h3 Bh5 10. c3 Qd7 11. a4 O-O 12. Na3 Rab8 13. axb5 axb5 14. Nc2 d5 15. exd5 Nxd5 16. Re1 Nf4 17. Bxf4 exf4 18. d4 Bd6 19. Ne5 Nxe5 20. Qxh5 Nc4 21.
Ra2 g6 22. Qd1 Rfe8 23. Rxe8+ Rxe8 24. Qd3 Qc6 25. Bxc4 Qxc4 26. Qxc4 bxc4 27. Kf1 c5 28. dxc5 Bxc5 29. Ra4 Rd8 30. Rxc4 Bd6 31. Nd4 g5 32. b4 Ra8 33. b5 Ra1+ 34. Ke2 Rb1 35. Rc6 Be5 36.
Kd3 f6 37. b6 Kf8 38. Kc4 Ke8 39. Nb5 Kd7 40. Rc5 Bb8 41. Rd5+ Kc6 42. Nd4+ Kxb6 43. Rb5+ Rxb5 44. Nxb5 f5 45. Nd4 g4 46. Nxf5 g3 47.
fxg3 fxg3 48. Kd5 Kb7 49. c4 Kc8 50. c5 Kd7 51. c6+ Kc7 52. Nd4 Ba7 53. Nb5+ Kb6 54. Nxa7 Kxa7 55. Kd6 Kb8 56. Kd7 h5 57. c7+ Ka7 58.
c8=Q Kb6 59. Qc6+ Ka5 60. Qb7 Ka4 61. Kc6 Ka3 62. Kc5 Ka2 63. Kc4 Ka1 64. Kc3 Ka2 65. Qb2# 1-0

[Event "Early-Titled-Tuesday-Blitz-September-26-2023"]
[Site "Chess.com"]
[Date "2023.09.26"]
[Round "2"]
[White "Mr_Lion22"]
[Black "MokshanovAlexey"]
[Result "1/2-1/2"]
[WhiteElo "2480"]
[BlackElo "2673"]
[TimeControl "180+1"]
[EndTime "8:18:28 PDT"]
[Termination "Game drawn by repetition"]

1. d4 d5 2. c4 e6 3. Nc3 Nf6 4. cxd5 exd5 5. Bg5 c6 6. e3 Be7 7. Bd3 O-O 8. Qc2 Nbd7 9. Nf3 Re8 10. O-O-O b5 11. Kb1 a5 12. Ne2 Bb7 13. g4 Ne4 14. Bxe4 dxe4 15. Bxe7 Qxe7 16. Nd2 c5 17. dxc5 Nxc5 18.
Nb3 Nd3 19. Ng3 Rac8 20. Qd2 a4 21. Nd4 b4 22. f3 b3 23. a3 Nc5 24. Ndf5 Qe6 25.
Nh5 exf3 26. Nfxg7 Qg6+ 27. Ka1 Ne4 28. Qd4 h6 29. Nxe8 Rxe8 30. Qd7 Bc6 31. Qd4 f2 32. Rhf1 Qxg4 33. Rxf2 Qxh5 34. Rg1+ Ng5 35. h4 Qg6 36.
hxg5 hxg5 37. Rf6 Qc2 38. Rxg5+ Kf8 39. Rf1 Be4 40. Qd6+ Re7 41. Qb8+ Re8 42. Qb4+ Re7 43. Rg8+ Kxg8 44. Qxe7 Bg6 45. Qe5 Qd3 46. Rh1 Bh7 47.
Qe8+ Kg7 48. Qe5+ Kg8 49. Rg1+ Bg6 50. Rh1 Bh7 1/2-1/2

[Event "Early-Titled-Tuesday-Blitz-September-26-2023"]
[Site "Chess.com"]
[Date "2023.09.26"]
[Round "2"]
[White "ArmanGhevondyanchess"]
[Black "scarabee43"]
[Result "1/2-1/2"]
[WhiteElo "2591"]
[BlackElo "2794"]
[TimeControl "180+1"]
[EndTime "8:18:29 PDT"]
[Termination "Game drawn by repetition"]

1. Nf3 d5 2. d4 Nf6 3. g3 e6 4.
Bg2 Be7 5. O-O O-O 6. c4 c6 7.
Nc3 Nbd7 8. b3 b6 9. Bb2 Bb7 10. Ne5 Nxe5 11. dxe5 Nd7 12. cxd5 cxd5 13. e4 d4 14. Qxd4 Bc5 15. Qd2 Nxe5 16. Rfd1 Qf6 17. Na4 Nf3+ 18. Bxf3 Qxf3 19. Nxc5 bxc5 20. Qc3 Qxc3 21. Bxc3 Bxe4 22. Rac1 Rfd8 23. Ba5 Rxd1+ 24. Rxd1 Bd5 25. Rc1 Rc8 26. Bd2 a6 27. Be3 c4 28.
bxc4 Bxc4 29. f4 Kf8 30. Bd4 f6 31. Kf2 Ke7 32. Ke3 Kd7 33. a3 Kd6 34. Bc3 e5 35. fxe5+ fxe5 36. Bb4+ Ke6 37. h3 Rc6 38. g4 g5 39. Ba5 h6 40. Bb4 Kf7 41. Rc3 Kg6 42.
Be7 h5 43. Bb4 h4 44. Ke4 Bb5 45. Kxe5 Rxc3 46. Bxc3 Bf1 47. Ke4 Bxh3 48. Kf3 Bf1 49. Bd2 Bd3 50. Be3 Bc2 51. Kg2 Bd1 52. Kh3 Be2 53. Bd2 Bf3 54. Be3 a5 55. Bd2 a4 56.
Be3 Kf6 57. Bd2 Be2 58. Be3 Bf1+ 59. Kh2 h3 60. Kg3 Bg2 61. Bd2 Bf1 62. Bc3+ Ke6 63. Bd2 Kd5 64. Bxg5 Ke4 65. Be7 Ke5 66. g5 Kf5 67.
Bf6 Kg6 68. Kh2 Kf5 69. Bd8 Kg6 70. Bf6 Kf5 71. Bd8 Kg6 72. Kh1 Bg2+ 73. Kh2 Bf1 1/2-1/2

[Event "Early-Titled-Tuesday-Blitz-September-26-2023"]
[Site "Chess.com"]
[Date "2023.09.26"]
[Round "2"]
[White "Boundless_Strike"]
[Black "falzehope0"]
[Result "1-0"]
[WhiteElo "2605"]
[BlackElo "2350"]
[TimeControl "180+1"]
[EndTime "8:18:31 PDT"]
[Termination "Boundless_Strike won by resignation"]

1. d4 d6 2. e4 Nf6 3. Nc3 Nbd7 4.
Nf3 e5 5. g4 h6 6. Rg1 Be7 7. Be3 c6 8. Qd2 Qa5 9. O-O-O b5 10. dxe5 dxe5 11. g5 hxg5 12. Nxg5 b4 13. Nb1 Qxa2 14. f4 Qa5 15. Bc4 Rf8 16. Qg2 Bc5 17. Rd3 Bxe3+ 18. Rxe3 Qc5 19. Bxf7+ Rxf7 20. Ree1 Re7 21. f5 Ba6 22. Ne6 Rxe6 23. fxe6 O-O-O 24. exd7+ Nxd7 25. Qxg7 Bd3 26. Rg2 Bc4 27. Nd2 Ba2 28. Qg3 Nb6 29. Qe3 Qa5 30. Nb3 Bxb3 31. cxb3 Rd4 32.
Kb1 Kb7 33. Rg7+ Nd7 34. Qe2 Kc7 35. Rd1 Qc5 36. Rxd4 Qxd4 37. Rg3 Nc5 38. Rg2 Nxe4 39. Rg4 Nd2+ 40. Kc2 Qc5+ 41. Kxd2 Qd5+ 42. Kc2 Qe6 43. Kb1 Kb6 44. Rxb4+ Kc7 45. Re4 Qf5 46. h4 Qg6 47.
Ka2 Qh7 48. Rxe5 Kb6 49. Qe3+ Ka6 50. h5 Qc7 51. Qe4 Kb6 52. Qb4+ Ka6 53. Qc4+ Kb6 54. Qc5+ Kb7 55. Re7 1-0

[Event "Early-Titled-Tuesday-Blitz-September-26-2023"]
[Site "Chess.com"]
[Date "2023.09.26"]
[Round "2"]
[White "TatjanaVasilevich"]
[Black "Zurability"]
[Result "0-1"]
[WhiteElo "2561"]
[BlackElo "2755"]
[TimeControl "180+1"]
[EndTime "8:18:32 PDT"]
[Termination "Zurability won by checkmate"]

1. Nf3 d5 2. b3 Nf6 3. Bb2 Bg4 4. Ne5 Bf5 5. c4 e6 6. g3 Nbd7 7. Bg2 c6 8. O-O Nxe5 9. Bxe5 Bd6 10. Bb2 O-O 11. d3 h6 12. Nd2 Bh7 13. e4 dxe4 14. Nxe4 Nxe4 15. dxe4 e5 16. Qe2 Qe7 17. Rfd1 Bc5 18.
a3 a5 19. Qh5 Rfe8 20. Qg4 Rad8 21. Qe2 Bg6 22. Qe1 Rxd1 23. Qxd1 Rd8 24. Qe1 Qf6 25.
Bc3 Rd3 26. Ra2 Bh5 27. Bd2 Rxb3 28. Bxa5 Rd3 29. Bd2 Bxa3 30. h3 Bf3 31. Be3 Rd1 32. Qxd1 Bxd1 33. Rxa3 b5 34. cxb5 cxb5 35. Ra8+ Kh7 36.
Rb8 Be2 37. h4 Bc4 38. Bh3 Qd6 39. Rb6 Qd1+ 40. Kh2 h5 41. Bf5+ g6 42. Bh3 Qe1 43. Bc5 Qxe4 44. Bg2 Qf5 45. Rb7 e4 46. Be3 Qd5 47. Re7 Bd3 48. Bd2 Qc5 49. Rxf7+ Kg8 50. Rf6 Kg7 51. Rf4 b4 52. Be3 Qc4 53. f3 b3 54. fxe4 b2 55. e5 Qc2 56. e6 b1=Q 57. e7 Qb8 58. Bd4+ Kg8 59. Kh1 Bf5 60. Bd5+ Kh7 61. Bf7 Qbb1+ 62. Bg1 Be4+ 63. Rxe4 Qxe4+ 64. Kh2 Qbc2+ 65. Kh3 Qcg2# 0-1

[Event "Early-Titled-Tuesday-Blitz-September-26-2023"]
[Site "Chess.com"]
[Date "2023.09.26"]
[Round "2"]
[White "Ermito2020"]
[Black "Hongjin"]
[Result "1-0"]
[WhiteElo "2676"]
[BlackElo "2344"]
[TimeControl "180+1"]
[EndTime "8:18:33 PDT"]
[Termination "Ermito2020 won by resignation"]

1. e4 c5 2. Nf3 Nf6 3. e5 Nd5 4. Nc3 Nxc3 5. dxc3 Nc6 6. Bf4 Qb6 7. b3 Qc7 8. Qd2 e6 9. O-O-O a6 10. Kb1 b5 11.
Be2 Ne7 12. Ng5 c4 13. Ne4 Nd5 14. Nd6+ Bxd6 15. exd6 Qc6 16. Bf3 Bb7 17. Kb2 O-O 18. Qe1 a5 19. Bxd5 exd5 20. Qd2 b4 21. cxb4 axb4 22. Qxb4 c3+ 23. Kb1 Rfb8 24. Be5 Qa6 25.
a4 Bc6 26. Qxc3 Qxa4 27. Bxg7 Qa2+ 28. Kc1 Qa3+ 29. Qb2 h6 30. Qxa3 Rxa3 31. Bxh6 Kh7 32. Be3 Re8 33. Kb2 Raa8 34. Ra1 Rab8 35. Bd4 Kg6 36.
Rhe1 Re4 37. Rxe4 dxe4 38. Be3 f5 39. g3 Kf6 40. Ra5 Ke6 41. Bf4 Rh8 42. h4 Rg8 43.
Re5+ Kf6 44. Rc5 Ke6 45. b4 Rb8 46. Kb3 Bd5+ 47. Kc3 Ra8 48. h5 Ra3+ 49. Kd2 Ra2 50. h6 Ra8 51. b5 Rh8 52. c4 Bb7 53. Re5+ Kf6 54. Re7 Bc8 55. Be5+ Kg6 56. Bxh8 f4 57. gxf4 e3+ 58. fxe3 Ba6 59. Bd4 Kf5 60. bxa6 1-0

[Event "Early-Titled-Tuesday-Blitz-September-26-2023"]
[Site "Chess.com"]
[Date "2023.09.26"]
[Round "2"]
[White "CarlosjPineror"]
[Black "LionTheLeon_06"]
[Result "0-1"]
[WhiteElo "2590"]
[BlackElo "2820"]
[TimeControl "180+1"]
[EndTime "8:18:34 PDT"]
[Termination "LionTheLeon_06 won by resignation"]

1. e4 c6 2. Nc3 d5 3. Qf3 dxe4 4. Nxe4 Nf6 5. Nxf6+ exf6 6. Bc4 Be7 7. Ne2 O-O 8.
O-O Nd7 9. d4 Nb6 10. Bd3 Re8 11. h3 Nd7 12. Rd1 Nf8 13. Ng3 Ng6 14. c3 Be6 15.
Nf5 Bf8 16. Bd2 a5 17. Re1 a4 18. Re2 Qd7 19. a3 Rad8 20. Rae1 Ne5 21. dxe5 Qxd3 22. Nd4 Qxf3 23. Nxf3 fxe5 24. Rxe5 Bd7 25. Rxe8 Rxe8 26.
Rxe8 Bxe8 27. Be3 f6 28. Kf1 Kf7 29. Ke1 Ke6 30. Nd4+ Kd5 31. Kd2 Bg6 32. Ne2 Kc4 33.
Nf4 Bf7 34. Kc2 Bd6 35. Ne2 Bg6+ 36. Kc1 h5 37. h4 Bf7 38. g3 Kd3 39. Nd4 Bd5 40.
Nf5 Bf8 41. Nd4 c5 42. Nc2 Ke4 43. Kd2 b6 44. Ne1 Be7 45. Ke2 Bc4+ 46. Kd2 g5 47. f3+ Kf5 48. f4 gxh4 49. gxh4 Kg4 50. Nd3 Kxh4 51.
Nf2 Kg3 52. Ne4+ Kf3 53. Nf2 h4 54. Ke1 Kg2 0-1

[Event "Early-Titled-Tuesday-Blitz-September-26-2023"]
[Site "Chess.com"]
[Date "2023.09.26"]
[Round "2"]
[White "Bodhanas"]
[Black "SAInt_666"]
[Result "0-1"]
[WhiteElo "2039"]
[BlackElo "2650"]
[TimeControl "180+1"]
[EndTime "8:18:34 PDT"]
[Termination "SAInt_666 won by resignation"]

1. d4 Nf6 2. Nf3 d5 3. Bf4 e6 4. c3 c5 5. e3 Nc6 6. Be2 Be7 7. O-O Nh5 8. Be5 f6 9. Bg3 g6 10. Nbd2 O-O 11. dxc5 Nxg3 12. hxg3 Bxc5 13. c4 Bb6 14. cxd5 exd5 15. Nb3 Bf5 16. Qd2 Qd7 17. Rfd1 Rad8 18. Nfd4 Be4 19. Rac1 Ne5 20. Nc5 Bxc5 21. Rxc5 Qe7 22.
Rdc1 g5 23. Rc7 Rd7 24. Rxd7 Qxd7 25. Qb4 Rc8 26. Rxc8+ Qxc8 27. Qc3 Qxc3 28. bxc3 Bb1 29. a3 Kf7 30. Kf1 Ke7 31. Ke1 a6 32. Kd2 Bg6 33. f4 Nd7 34. Bf3 Kd6 35. c4 dxc4 36. Bxb7 Nc5 37. Bf3 Bd3 38. Be2 Ne4+ 39. Kd1 Nxg3 40.
Bxd3 cxd3 41. Kd2 gxf4 42. exf4 Nh5 43. f5 Ke5 44. Nc6+ Kxf5 45. Kxd3 Nf4+ 46. Ke3 Nxg2+ 47. Kf2 Nf4 48. Nb4 a5 49. Nc6 a4 50. Nd4+ Ke4 51. Nb5 Nd3+ 52. Kg3 Nc5 53. Nc3+ Kd3 54. Nd5 Kd4 55. Nxf6 Ne4+ 56. Nxe4 Kxe4 57. Kh4 Kd4 58. Kh5 Kc3 59. Kh6 Kb3 60. Kxh7 Kxa3 61. Kg6 Kb3 62. Kf5 a3 63. Ke4 a2 64. Kd3 a1=Q 0-1

[Event "Early-Titled-Tuesday-Blitz-September-26-2023"]
[Site "Chess.com"]
[Date "2023.09.26"]
[Round "2"]
[White "BogdanDeac"]
[Black "LoydBlankenship"]
[Result "1/2-1/2"]
[WhiteElo "2965"]
[BlackElo "2638"]
[TimeControl "180+1"]
[EndTime "8:18:35 PDT"]
[Termination "Game drawn - insufficient material"]

1. b3 d5 2. Bb2 c6 3. c4 Bf5 4. cxd5 cxd5 5. e3 Nc6 6. Bb5 Rc8 7. Nf3 a6 8. Bxc6+ bxc6 9. Nc3 e6 10. Na4 c5 11. Rc1 Nf6 12. O-O Bd3 13. Re1 Bd6 14. Be5 O-O 15. Nb2 Bg6 16. Qe2 Bh5 17. Bxd6 Qxd6 18. h3 Rfd8 19. d3 Rc7 20. e4 Qf4 21.
Qd2 Qxd2 22. Nxd2 Bg6 23. f3 Nh5 24. Nf1 Nf4 25. Rc2 Rdc8 26. Ne3 f6 27. h4 Bf7 28. g3 Ng6 29. f4 e5 30. h5 Ne7 31. fxe5 fxe5 32.
Ng4 Bxh5 33. Nxe5 dxe4 34. dxe4 Nc6 35. Nxc6 Rxc6 36. Nc4 Re8 37. Rd2 Bf7 38. Nd6 Re7 39. e5 Be6 40. Kf2 h6 41. Rc1 Kh7 42. Re2 Rec7 43. Rec2 Kg6 44. Ke3 a5 45. Kf4 a4 46.
bxa4 Ra7 47. Ke3 Rxa4 48. Rxc5 Ra3+ 49. Kf4 Rxc5 50. Rxc5 Rxa2 51. Rc6 Ra4+ 52. Ke3 Kg5 53. Ne4+ Kf5 54. g4+ Kxe5 55. Rxe6+ Kxe6 56. Nc5+ Kf6 57.
Nxa4 Kg5 58. Kf3 h5 59. gxh5 Kxh5 60. Nc5 g5 61. Ne4 g4+ 62. Kg3 Kg6 63. Nf2 Kf6 64.
Nxg4+ 1/2-1/2

[Event "Early-Titled-Tuesday-Blitz-September-26-2023"]
[Site "Chess.com"]
[Date "2023.09.26"]
[Round "2"]
[White "MMAHDI2013"]
[Black "FoxOnTheRun97"]
[Result "1-0"]
[WhiteElo "2266"]
[BlackElo "2552"]
[TimeControl "180+1"]
[EndTime "8:18:35 PDT"]
[Termination "MMAHDI2013 won by checkmate"]

1. c4 Nf6 2. Nf3 c6 3. g3 d5 4. Bg2 Bf5 5. Qb3 Qb6 6. d3 e6 7.
Be3 dxc4 8. Qxc4 Qxb2 9. Bd4 Qb4+ 10. Nfd2 Qxc4 11. Nxc4 Bb4+ 12. Bc3 Bxc3+ 13. Nxc3 Nd5 14. Nxd5 exd5 15. Nd6+ Ke7 16. Nxf5+ Kf6 17. Ne3 Re8 18. Kd2 Nd7 19. Rab1 Rab8 20. Rhc1 g6 21. Nc2 Ke5 22. d4+ Kd6 23. e3 h5 24. h4 Nb6 25.
Bf1 Kc7 26. Rb3 a5 27. Rcb1 Nc8 28. a4 Nd6 29. Bd3 Re7 30. Na3 Rbe8 31. Rc1 Kb8 32. Rc5 Kc7 33. Rxa5 Rb8 34. Rc5 Kd7 35. a5 Ra8 36.
Rb6 Ra7 37. f3 Re8 38. Nc2 Rea8 39. a6 bxa6 40. Rcxc6 Nc8 41. Rxa6 Rxa6 42. Rxa6 Rb8 43. Ra3 Nd6 44. Rc3 Rb2 45. e4 dxe4 46. fxe4 Rb4 47. e5 Ne8 48. Nxb4 Ng7 49. Bb5+ Ke7 50.
Rc7+ Kf8 51. Nd5 Ne6 52. Rc8+ Kg7 53. Be8 Nxd4 54. Rc7 Nf5 55. Rxf7+ Kh6 56. Rxf5 gxf5 57. Bxh5 Kxh5 58. Ne3 Kg6 59. Ke2 Kf7 60. Kf3 Ke6 61.
Kf4 Kf7 62. h5 Ke6 63. h6 Kf7 64. Kxf5 Kg8 65. g4 Kh7 66. Ng2 Kg8 67. Nf4 Kh7 68. e6 Kg8 69. Kf6 Kh7 70. g5 Kg8 71. g6 Kh8 72.
Nd5 Kg8 73. Ne7+ Kf8 74. g7+ Ke8 75. g8=Q# 1-0

[Event "Early-Titled-Tuesday-Blitz-September-26-2023"]
[Site "Chess.com"]
[Date "2023.09.26"]
[Round "2"]
[White "Vladimir_Zakhartsov"]
[Black "SashaKuzhilniy"]
[Result "1-0"]
[WhiteElo "2845"]
[BlackElo "2603"]
[TimeControl "180+1"]
[EndTime "8:18:39 PDT"]
[Termination "Vladimir_Zakhartsov won on time"]

1. e4 g6 2. d4 Bg7 3. Nf3 d6 4. c3 Nf6 5. Bd3 O-O 6. O-O Nbd7 7. Re1 e5 8. a4 a5 9. Na3 Re8 10. dxe5 Nxe5 11. Nxe5 Rxe5 12. Nc4 Re8 13. Bg5 h6 14. Bh4 b6 15. e5 dxe5 16. Nxe5 g5 17. Bg3 Be6 18.
Bb5 Qxd1 19. Raxd1 Red8 20. Nc6 Rxd1 21. Rxd1 Ne8 22.
Rd2 Bf8 23. Nd8 Nd6 24. Nxe6 fxe6 25. Bd7 Rd8 26. Bxe6+ Kg7 27. Be5+ Kg6 28. f4 Re8 29. Bd7 Re7 30. Bc6 Nc4 31. Rd8 Nxe5 32. fxe5 Bg7 33.
Be4+ Kf7 34. Bd5+ Kg6 35. e6 Be5 36. g3 Bd6 37. Kg2 Kf5 38. Rh8 Kg6 39. Kf3 h5 40. Ke4 g4 41. Rg8+ Kf6 42. Rf8+ Kg5 43. Rf5+ Kg6 44. Bc4 Rg7 45. Bd3 Re7 46. Kd5 Kh6 47.
Rf6+ Kg7 48. Rg6+ Kf8 49. Rg5 h4 50. Rxg4 hxg3 51. hxg3 Rg7 52. Rxg7 Kxg7 53. Kc6 Kf6 54. Kd7 1-0

[Event "Early-Titled-Tuesday-Blitz-September-26-2023"]
[Site "Chess.com"]
[Date "2023.09.26"]
[Round "2"]
[White "GeorgiosSouleidis"]
[Black "Mikasinski"]
[Result "1-0"]
[WhiteElo "2545"]
[BlackElo "2707"]
[TimeControl "180+1"]
[EndTime "8:18:40 PDT"]
[Termination "GeorgiosSouleidis won on time"]

1. e4 c5 2. Be2 g6 3. d3 Bg7 4.
f4 e6 5. Nf3 Ne7 6. O-O O-O 7.
c3 b6 8. Be3 Bb7 9. Nbd2 d5 10.
e5 d4 11. cxd4 Nd5 12. Bf2 Nxf4 13. dxc5 Nxd3 14. Bxd3 Qxd3 15. Qb3 Rd8 16. cxb6 axb6 17. Bxb6 Qxb3 18. axb3 Rxa1 19. Rxa1 Rc8 20. Nc4 Nd7 21. Bd4 Bd5 22. Ra7 Nc5 23. Nb6 Bxf3 24. Nxc8 Nxb3 25.
Bc3 Bf8 26. Nd6 Bd5 27. Rc7 f5 28. Kf1 f4 29. h4 h6 30. Kf2 g5 31. hxg5 hxg5 32. g3 f3 33. g4 Nc1 34. Ke3 Ne2 35.
Be1 Nf4 36. Bf2 Ng2+ 37. Kd2 Nf4 38. b4 Ng6 39. Bd4 f2 40. Ke2 Nf4+ 41. Kxf2 Nd3+ 42.
Ke3 Nxb4 43. Bc5 Nc2+ 44. Kd2 Na1 45. Kc3 Nb3 46. Bb4 Nc1 47. Rc8 Kg7 48. Kd2 Nb3+ 49.
Kc3 Nc1 50. Ne8+ Kf7 51. Bxf8 Kxf8 52. Nf6+ Ke7 53. Nxd5+ exd5 54. Kd4 Ne2+ 55. Kxd5 Nf4+ 56. Ke4 Ke6 57. Rc6+ Kd7 58. Rf6 Nh3 59. Kf5 Ke7 60. Ra6 Kd7 61. Ra7+ Kc6 62. e6 Nf4 63. e7 1-0

[Event "Early-Titled-Tuesday-Blitz-September-26-2023"]
[Site "Chess.com"]
[Date "2023.09.26"]
[Round "2"]
[White "TigranHH"]
[Black "wqws"]
[Result "0-1"]
[WhiteElo "2226"]
[BlackElo "2661"]
[TimeControl "180+1"]
[EndTime "8:18:40 PDT"]
[Termination "wqws won on time"]

1. d4 Nf6 2. c4 g6 3. Nc3 Bg7 4.
e4 d6 5. h3 O-O 6. Be3 c6 7.
Bd3 e5 8. d5 Nbd7 9. g4 Nc5 10.
Bc2 cxd5 11. cxd5 Bd7 12. Nge2 b5 13. b4 Na6 14. Rb1 Rc8 15. Qd2 h5 16. f3 h4 17. Bg5 Qb6 18. Bxh4 Rc4 19. a3 Rfc8 20. Rb3 Be8 21. Bf2 Qb7 22. Bd3 R4c7 23. h4 Nh7 24. h5 g5 25. h6 Bf8 26. Ng3 f6 27.
Nf5 Nb8 28. Be3 Nd7 29. Ng7 Bxg7 30. hxg7 Nb6 31. Qh2 Rxg7 32. Qh6 Nc4 33. Bf2 Qf7 34.
Ke2 a5 35. bxa5 Nxa5 36. Rxb5 Bxb5 37. Nxb5 Qd7 38. a4 Nb3 39. Rb1 Nc1+ 40. Kd2 Nxd3 41. Kxd3 Qb7 42. Be3 Qa6 43. Rb4 Rb8 44. Kc4 Rc8+ 45.
Kb3 Rd8 46. Bd2 Rb7 47. Be3 Rc8 48. Qg6+ Rg7 49. Qf5 Re8 50. Bf2 Qc8 51. a5 Qc1 52. a6 Qd1+ 53. Ka3 Qc1+ 54. Kb3 Qb1+ 55. Ka3 Qa1+ 56.
Kb3 Qxa6 57. Nc7 Qd3+ 58. Ka4 Rxc7 0-1

[Event "Early-Titled-Tuesday-Blitz-September-26-2023"]
[Site "Chess.com"]
[Date "2023.09.26"]
[Round "2"]
[White "AlexPapasimakopoulos"]
[Black "Rap_woyska"]
[Result "0-1"]
[WhiteElo "2739"]
[BlackElo "2515"]
[TimeControl "180+1"]
[EndTime "8:18:40 PDT"]
[Termination "Rap_woyska won by checkmate"]

1. d4 Nf6 2. c4 c5 3. d5 b5 4. Nf3 e6 5. dxe6 fxe6 6. cxb5 a6 7. bxa6 Bxa6 8. g3 Nc6 9. Bg2 d5 10. O-O Bd6 11. b3 O-O 12. Bb2 Qe7 13. Nc3 Rad8 14. a4 Nb4 15. Nb5 Bb8 16. Ne5 Qe8 17. Nd3 Bxb5 18. Nxb4 cxb4 19. axb5 Qxb5 20. Qd3 Qxd3 21.
exd3 Kf7 22. Rfe1 Rfe8 23. f4 Rc8 24. Re2 Re7 25. Bd4 Bd6 26. Ra4 h5 27. Bh3 Ng4 28. Bxg4 hxg4 29. Kf2 Rc1 30. Ra6 Rd7 31. Kg2 Rd1 32.
Be5 Bxe5 33. Rxe5 Rxd3 34. Raxe6 Rxb3 35. Rb6 d4 36. Re2 d3 37. Rd2 Rb1 38. h3 gxh3+ 39. Kxh3 b3 40. Kg4 b2 41. f5 Rd4+ 42. Kg5 Rg1 43.
Rb7+ Kf8 44. Rb8+ Ke7 45. Rb7+ Kd6 46. Rbxb2 Rxg3+ 47. Kh5 Ke5 48. Rb5+ Ke4 49. Rb7 Ke3 50. Rd1 d2 51. Re7+ Kd3 52. Ra7 Ke2 53. Raa1 Rd8 54.
Rxd2+ Rxd2 55. f6 gxf6 56. Rg1 Rxg1 57. Kh4 Rd8 58. Kh3 Rh8# 0-1

[Event "Early-Titled-Tuesday-Blitz-September-26-2023"]
[Site "Chess.com"]
[Date "2023.09.26"]
[Round "2"]
[White "Jaka_Brilej"]
[Black "jjlai1111"]
[Result "1-0"]
[WhiteElo "2533"]
[BlackElo "2334"]
[TimeControl "180+1"]
[EndTime "8:18:41 PDT"]
[Termination "Jaka_Brilej won by checkmate"]

1. e4 c6 2. d4 d5 3. e5 e6 4. Nf3 c5 5. c3 Nc6 6. Be2 cxd4 7. cxd4 Nge7 8. Na3 a6 9. O-O Nf5 10. Nc2 b6 11. Bd2 Na5 12. Rc1 Bb7 13. Ne3 Nxe3 14.
Bxe3 Be7 15. Bd3 Rc8 16. b3 h6 17. Qe2 b5 18. Nd2 Ba3 19. Rxc8 Qxc8 20. f4 g6 21. g4 h5 22. f5 gxf5 23. gxf5 exf5 24. Bxf5 Qc6 25.
Kh1 Bc8 26. Bxc8 Qxc8 27. Nf3 Be7 28. Bg5 Qg4 29. Bxe7 Kxe7 30. Qe3 Rg8 31. Rg1 Qc8 32. Rxg8 Qxg8 33. Qc3 Qg4 34. Nd2 Qd1+ 35. Kg2 Qe2+ 36. Kg1 Qe1+ 37. Kg2 Qe2+ 38. Kg3 Qg4+ 39. Kf2 Qh4+ 40.
Kf1 Qf4+ 41. Ke1 Qh4+ 42. Kd1 Qg4+ 43. Kc1 Qg1+ 44. Kb2 b4 45. Qxb4+ Ke6 46. Qxa5 Qxd4+ 47. Qc3 Qxe5 48. Qxe5+ Kxe5 49. Kc3 f5 50. Kd3 Kf4 51. b4 Kg4 52. a4 f4 53. b5 axb5 54. axb5 f3 55.
b6 f2 56. b7 Kh4 57. b8=Q f1=Q+ 58. Nxf1 Kg5 59. Qg3+ Kf5 60. Ne3+ Ke6 61. Qg6+ Ke5 62. Qf5+ Kd6 63. Qxd5+ Ke7 64. Qe5+ Kf7 65. Ke4 Kg6 66.
Qe6+ Kg5 67. Qf5+ Kh6 68. Qf6+ Kh7 69. Nf5 h4 70. Qg7# 1-0

[Event "Early-Titled-Tuesday-Blitz-September-26-2023"]
[Site "Chess.com"]
[Date "2023.09.26"]
[Round "2"]
[White "Willychess95"]
[Black "levallem"]
[Result "1-0"]
[WhiteElo "2724"]
[BlackElo "2374"]
[TimeControl "180+1"]
[EndTime "8:18:48 PDT"]
[Termination "Willychess95 won by checkmate"]

1. e4 c5 2. Nf3 g6 3. d4 cxd4 4. Qxd4 Nf6 5. e5 Nc6 6. Qa4 Nd5 7. Qb3 Nc7 8. Nc3 Bg7 9. Bf4 O-O 10. O-O-O Ne6 11.
Bg3 Qa5 12. Nd5 b5 13. Qxb5 Qxa2 14. c3 Rb8 15. Bc4 Rxb5 16. Bxa2 Bh6+ 17. Kc2 Re8 18.
Rhe1 a5 19. Nd2 Rb8 20. Ne4 Ba6 21. f4 Kf8 22. h4 Rec8 23. Ng5 Ncd4+ 24. Kb1 Ne2 25.
Bf2 Nxc3+ 26. Nxc3 Rxc3 27. Rxd7 Bxg5 28. fxg5 Rc6 29. Be3 Bc8 30. Rd2 Nc5 31. Rc1 Bf5+ 32. Ka1 Nb3+ 33. Bxb3 Rxc1+ 34. Ka2 Bb1+ 35. Ka3 a4 36.
Bxa4 Be4 37. b3 Ra1+ 38. Ra2 Rxa2+ 39. Kxa2 Bxg2 40. Ka3 Bd5 41. b4 f5 42. exf6 exf6 43. gxf6 Kf7 44. Bg5 h6 45. Bxh6 Kxf6 46. Bg5+ Kf5 47.
b5 Bc4 48. Kb4 Be2 49. Be3 Ke4 50. Bc5 Kd5 51. Bb3+ Ke4 52. b6 Bf3 53. Bc2+ Kf4 54. Bxg6 Kg4 55. h5 Kg5 56. Be3+ Kf6 57. Kc5 Rh8 58.
Bd4+ Kg5 59. Bxh8 Bb7 60. Bd4 Kh6 61. Kd6 Kg5 62. Kc7 Ba6 63. Be3+ Kf6 64. b7 Bxb7 65.
Kxb7 Kg7 66. Be4 Kh8 67. h6 Kg8 68. Bg6 Kh8 69. Bd4+ Kg8 70. h7+ Kf8 71. h8=Q+ Ke7 72. Qe5+ Kd7 73. Bf5+ Kd8 74. Bb6# 1-0

[Event "Early-Titled-Tuesday-Blitz-September-26-2023"]
[Site "Chess.com"]
[Date "2023.09.26"]
[Round "2"]
[White "GM_Huschenbeth"]
[Black "DonJuanEGenaro"]
[Result "1-0"]
[WhiteElo "2648"]
[BlackElo "1859"]
[TimeControl "180+1"]
[EndTime "8:18:49 PDT"]
[Termination "GM_Huschenbeth won on time"]

1. e4 c5 2. Nf3 Nc6 3. d4 cxd4 4.
Nxd4 Nf6 5. Nc3 d6 6. Bg5 Qb6 7. Be3 Qc7 8. f3 a6 9. g4 e5 10. Nf5 Bxf5 11. exf5 h6 12. Bc4 Rc8 13. Bb3 Na5 14.
Qd3 Nxb3 15. axb3 d5 16. Nxd5 Qxc2 17. Nxf6+ gxf6 18. Qxc2 Rxc2 19. Rc1 Bb4+ 20. Kd1 Rxc1+ 21. Kxc1 Ke7 22. Rd1 Rc8+ 23. Kb1 Rc7 24. Bxh6 Rc8 25. Be3 Rh8 26. Bg1 Rh3 27. Rf1 Bd6 28. Kc2 b5 29. Kd3 Bb4 30. Ke4 Rh8 31. Ra1 a5 32. Rc1 Rd8 33.
h4 Rd2 34. Bc5+ Bxc5 35. Rxc5 Rxb2 36. Rxb5 Kf8 37. g5 Kg7 38. Rb6 Re2+ 39. Kd3 Rf2 40. Ke3 Rb2 41. Rxf6 Rxb3+ 42. Kf2 a4 43. Ra6 a3 44. Ra7 Rb2+ 45. Kg3 Kg8 46. h5 Kg7 47. h6+ Kg8 48. g6 fxg6 49. fxg6 Rb8 50. Rxa3 e4 51. fxe4 Rc8 52. Kf4 Rf8+ 53. Kg4 Re8 54. Kf5 Rf8+ 55.
Kg5 Re8 56. Ra7 1-0